[Event "Titled Tuesday Blitz November 01 Late 2022"]
[White "Ernst, Sipke"]
[Black "Esipenko, Andrey"]
[WhiteFideId "1004689"]
[BlackFideId "24175439"]
[WhiteElo "2438"]
[BlackElo "2619"]
[Result "0-1"]
[Round "03"]
[TimeControl "180+1"]
[Date "2022.11.02"]
[WhiteClock "0:00:17"]
[BlackClock "0:00:27"]

1. Nf3 Nc6 2. e4 d6 3. h3 g6 4. d4 Nf6 5. c3 Bg7 6. Bb5 O-O 7. Nbd2 e5 8. Bxc6 bxc6 9. O-O Nd7 10. b3 Re8 11. Re1 a5 12. a3 d5 13. Bb2 dxe4 14. Nxe5 f5 15. Nxc6 Qf6 16. d5 Nc5 17. Nc4 Bd7 18. N6xa5 f4 19. b4 Nd3 20. Rxe4 Rxe4 21. Qxd3 Rae8 22. Nd2 Re2 23. Nac4 g5 24. d6 c6 25. Nb6 Bf5 26. Qc4+ Kh8 27. Qc5 0-1


[Site "https://www.chess.com"]

[Event "Titled Tuesday Blitz November 01 Late 2022"]
[White "Estrada Nieto, Julian"]
[Black "Guzman, Christopher"]
[WhiteFideId "5101018"]
[BlackFideId "6405096"]
[WhiteElo "2252"]
[BlackElo "2272"]
[Result "1/2-1/2"]
[Round "03"]
[TimeControl "180+1"]
[Date "2022.11.02"]
[WhiteClock "0:00:17"]
[BlackClock "0:01:11"]

1. e4 c6 2. d4 d5 3. exd5 cxd5 4. Bd3 Nf6 5. c3 Nc6 6. Bf4 Bg4 7. Qb3 Na5 8. Qa4+ Bd7 9. Bb5 a6 10. Bxd7+ Nxd7 11. Nf3 e6 12. Nbd2 Rc8 13. O-O b5 14. Qd1 Be7 15. Re1 O-O 16. Ne5 Nxe5 17. Bxe5 Nc4 18. Nxc4 bxc4 19. Qg4 Bf6 20. h4 Bxe5 21. Rxe5 Rb8 22. Re2 Qf6 23. Rae1 Rb6 24. Rd2 Rfb8 25. Ree2 h6 26. g3 a5 27. Kg2 Kh7 28. Qf3 Qxf3+ 29. Kxf3 Kg8 30. Ke3 h5 31. Rc2 f6 32. f4 Kf7 33. Kf2 a4 34. a3 Kg6 35. Kf3 Kf5 36. Rcd2 Re8 37. Re3 Reb8 38. Ree2 Rb5 39. Rc2 R8b6 40. Rcd2 Kg6 41. Rc2 Kf7 42. Rcd2 Rb8 43. Rc2 R5b6 44. Rcd2 Ke7 45. g4 hxg4+ 46. Kxg4 Kd6 47. h5 Kd7 48. Rh2 Ke7 49. Kf3 Kd6 50. Rdg2 R8b7 51. Re2 Rb5 52. Rhg2 Re7 53. Rg6 Reb7 54. Rgg2 R5b6 55. Rh2 Ke7 56. Kg4 Kf7 57. Rhg2 Re7 58. Rh2 Rb8 59. Rhf2 Rbe8 60. Kh4 Rb7 61. Kg4 Rh8 62. Rh2 Rh6 63. f5 exf5+ 64. Kxf5 Rb8 65. Re6 Rxh5+ 66. Rxh5 g6+ 67. Kf4 Kxe6 68. Rh2 g5+ 69. Kg4 Rb6 70. Re2+ Kf7 71. Kf5 Kg7 72. Rh2 Rc6 73. Re2 Rc8 74. Re7+ Kh6 75. Kxf6 g4 76. Kf5 Rg8 77. Re6+ Kh5 78. Re7 Rg5+ 79. Kf4 g3 80. Rh7+ Kg6 81. Rh1 g2 82. Rg1 Kf6 83. Kf3 Rf5+ 84. Ke2 Rg5 85. Kf3 Rf5+ 86. Ke2 Rg5 87. Kf3 1/2-1/2


[Site "https://www.chess.com"]

[Event "Titled Tuesday Blitz November 01 Late 2022"]
[White "Ezat, Mohamed"]
[Black "Fernandez Siles, Luis"]
[WhiteFideId "10600906"]
[BlackFideId "2209420"]
[WhiteElo "2386"]
[BlackElo "2186"]
[Result "1-0"]
[Round "03"]
[TimeControl "180+1"]
[Date "2022.11.02"]
[WhiteClock "0:00:27"]
[BlackClock "0:00:03"]

1. d4 Nf6 2. c4 g6 3. Nc3 Bg7 4. e4 d6 5. Be2 O-O 6. Bg5 Nbd7 7. Qd2 e5 8. d5 Qe7 9. f3 c5 10. g4 h6 11. Be3 Kh7 12. h4 Ng8 13. Nh3 f6 14. a3 a6 15. b4 b6 16. Nf2 Rf7 17. Kf1 Nf8 18. Kg2 f5 19. h5 fxg4 20. hxg6+ Nxg6 21. Nxg4 Bxg4 22. fxg4 Nf4+ 23. Bxf4 Rxf4 24. Raf1 Raf8 25. Rxf4 exf4 26. Bf3 Qe5 27. Ne2 Nf6 28. a4 Kg8 29. bxc5 bxc5 30. Qc2 Rb8 31. Rb1 Rxb1 32. Qxb1 Qg5 33. Qb8+ Kh7 34. Qxd6 Nxg4 35. Qxf4 Ne3+ 36. Kf2 Nd1+ 37. Ke1 Qxf4 38. Nxf4 Nc3 39. a5 Be5 40. Nd3 Bc7 41. e5 Kg7 42. d6 Bxa5 43. Kf1 Kf7 44. Nxc5 Bb6 45. Bh5+ Kf8 46. e6 Bxc5 47. e7+ Kg7 48. e8=Q 1-0


[Site "https://www.chess.com"]

[Event "Titled Tuesday Blitz November 01 Late 2022"]
[White "Fernandez Guillen, Ernesto J."]
[Black "Lehtosaari, Mauri"]
[WhiteFideId "3512428"]
[BlackFideId "501999"]
[WhiteElo "2422"]
[BlackElo "2507"]
[Result "1-0"]
[Round "03"]
[TimeControl "180+1"]
[Date "2022.11.02"]
[WhiteClock "0:02:01"]
[BlackClock "0:00:13"]

1. e4 c5 2. Nf3 e6 3. d4 cxd4 4. Nxd4 Bc5 5. Nb3 Bb6 6. Nc3 Ne7 7. Bd3 O-O 8. Qe2 f5 9. Bg5 Nbc6 10. O-O-O Qe8 11. exf5 Nxf5 12. g4 Nfd4 13. Qe4 g6 14. Nxd4 Nxd4 15. f4 d5 16. Qg2 Bd7 17. h4 Rc8 18. h5 Qf7 19. hxg6 hxg6 20. Rh6 Kg7 21. Rdh1 Rh8 22. Qh3 Bc7 23. Rh7+ Rxh7 24. Qxh7+ Kf8 25. Qh8+ Qg8 26. Qf6+ 1-0


[Site "https://www.chess.com"]

[Event "Titled Tuesday Blitz November 01 Late 2022"]
[White "Fernandez Hernandez, Gerardo"]
[Black "Qashashvili, Alexandre"]
[WhiteFideId "2207400"]
[BlackFideId "13600842"]
[WhiteElo "2232"]
[BlackElo "2405"]
[Result "1/2-1/2"]
[Round "03"]
[TimeControl "180+1"]
[Date "2022.11.02"]
[WhiteClock "0:00:13"]
[BlackClock "0:00:08"]

1. e4 c6 2. d4 d5 3. exd5 cxd5 4. c4 Nf6 5. Nc3 g6 6. Qb3 dxc4 7. Bxc4 e6 8. d5 Nxd5 9. Nxd5 exd5 10. Bxd5 Qe7+ 11. Ne2 Qb4+ 12. Bd2 Qxb3 13. Bxb3 Bd6 14. Bh6 Nc6 15. O-O-O Bc5 16. Bg7 Rg8 17. Bd4 Nxd4 18. Nxd4 Bxd4 19. Rhe1+ Be6 20. Rxd4 Rc8+ 21. Kd2 Ke7 22. Bxe6 fxe6 23. Rc1 Rxc1 24. Kxc1 Rd8 25. Rxd8 Kxd8 26. Kd2 Kd7 27. Ke3 Kd6 28. Ke4 e5 29. h4 b5 30. f4 exf4 31. Kxf4 h6 32. h5 gxh5 33. Kf5 h4 34. Kg4 Ke5 35. Kxh4 Kf4 36. Kh5 Kg3 37. Kxh6 Kxg2 38. Kg5 Kf3 39. Kf5 Ke3 40. Ke5 Kd3 41. Kd5 b4 42. Kc5 b3 43. axb3 Kc2 44. b4 Kxb2 45. b5 Kb3 46. Kc6 Kb4 47. Kb7 Kxb5 48. Kxa7 1/2-1/2


[Site "https://www.chess.com"]

[Event "Titled Tuesday Blitz November 01 Late 2022"]
[White "Ferriz Barrios, Andres"]
[Black "Souleidis, Georgios"]
[WhiteFideId "5104467"]
[BlackFideId "4206827"]
[WhiteElo "2243"]
[BlackElo "2401"]
[Result "1-0"]
[Round "03"]
[TimeControl "180+1"]
[Date "2022.11.02"]
[WhiteClock "0:00:19"]
[BlackClock "0:00:07"]

1. d4 Nf6 2. Nf3 g6 3. Nc3 d5 4. Bf4 Bg7 5. Qd2 O-O 6. O-O-O c5 7. e3 cxd4 8. exd4 Nc6 9. Ne5 Be6 10. h4 Rc8 11. f3 Nxe5 12. Bxe5 Qa5 13. Kb1 a6 14. g4 Rc6 15. h5 Rfc8 16. Ne2 Qxd2 17. Rxd2 Bh6 18. Nf4 Bg5 19. hxg6 fxg6 20. Bd3 Nd7 21. Nxg6 Nxe5 22. dxe5 hxg6 23. Rdh2 Kf8 24. Bxg6 Bg8 25. Bf5 e6 26. Bd3 Bf4 27. Rh8 Bxe5 28. R8h5 Bg7 29. f4 Rb6 30. f5 Rxb2+ 31. Kc1 Rb6 32. fxe6 Bxe6 33. Rf1+ Ke7 34. Rh7 Rg8 35. g5 Kd8 36. Bg6 Bb2+ 37. Kd1 Rxg6 38. Rf8# 1-0


[Site "https://www.chess.com"]

[Event "Titled Tuesday Blitz November 01 Late 2022"]
[White "Fishchuk, Vladyslav"]
[Black "Gheorghiu, Calin"]
[WhiteFideId "34122117"]
[BlackFideId "1200305"]
[WhiteElo "2054"]
[BlackElo "2225"]
[Result "1-0"]
[Round "03"]
[TimeControl "180+1"]
[Date "2022.11.02"]
[WhiteClock "0:02:37"]
[BlackClock "0:01:33"]

1. Nf3 d5 2. c4 d4 3. b4 f6 4. e3 e5 5. c5 a5 6. Qa4+ Bd7 7. b5 Na6 8. exd4 exd4 9. c6 Qe7+ 10. Kd1 bxc6 11. bxa6 c5 12. Bb5 1-0


[Site "https://www.chess.com"]

[Event "Titled Tuesday Blitz November 01 Late 2022"]
[White "Galchenko, Matvey"]
[Black "Valdes Romero, Leonardo"]
[WhiteFideId "24175480"]
[BlackFideId "6500331"]
[WhiteElo "2423"]
[BlackElo "2494"]
[Result "1-0"]
[Round "03"]
[TimeControl "180+1"]
[Date "2022.11.02"]
[WhiteClock "0:01:04"]
[BlackClock "0:00:13"]

1. f4 d6 2. Nf3 Nf6 3. g3 Nbd7 4. d3 e5 5. Bg2 Be7 6. Nc3 O-O 7. O-O c6 8. e4 b5 9. f5 h6 10. a3 a6 11. h3 Bb7 12. Qe1 Nh7 13. h4 d5 14. g4 dxe4 15. dxe4 a5 16. Qg3 b4 17. Nd1 Ba6 18. Re1 Ndf6 19. Nf2 Bd6 20. g5 Nh5 21. Qg4 g6 22. fxg6 fxg6 23. gxh6 Qe8 24. Ng5 Bc8 25. Qd1 Nf4 26. Qxd6 Rf6 27. Qc5 1-0


[Site "https://www.chess.com"]

[Event "Titled Tuesday Blitz November 01 Late 2022"]
[White "Gasparyan, David"]
[Black "Sailer, Mike"]
[WhiteFideId "13311980"]
[BlackFideId "2012901"]
[WhiteElo "2373"]
[BlackElo "2109"]
[Result "0-1"]
[Round "03"]
[TimeControl "180+1"]
[Date "2022.11.02"]
[WhiteClock "0:00:02"]
[BlackClock "0:00:06"]

1. c4 Nf6 2. Nc3 e6 3. g3 d5 4. b3 c6 5. Bg2 Be7 6. Nf3 O-O 7. O-O Nbd7 8. Bb2 a6 9. d3 b5 10. Nd4 Bb7 11. cxb5 cxb5 12. e4 dxe4 13. Nxe4 Nxe4 14. dxe4 Rc8 15. Qe2 Nf6 16. Rad1 Qb6 17. Kh1 Rfd8 18. f4 Bc5 19. Nc2 Rxd1 20. Rxd1 Ne8 21. b4 Be7 22. Bd4 Qc6 23. Ne3 Bxb4 24. Qb2 Bc5 25. e5 Qb6 26. Bxc5 Bxg2+ 27. Nxg2 Qxc5 28. h3 Kf8 29. Kh2 g6 30. Rd2 Kg7 31. Re2 Nc7 32. Ne3 Nd5 33. Ng4 Qc1 34. Qb3 Qc4 35. Qd1 Qc1 36. Qd3 Qf1 37. Ne3 Qa1 38. Nxd5 exd5 39. Qxd5 Rc1 40. e6 fxe6 41. Qd7+ Kh6 42. Qd2 Rh1+ 43. Kg2 Qf1# 0-1


[Site "https://www.chess.com"]

[Event "Titled Tuesday Blitz November 01 Late 2022"]
[White "Gireman, Ja"]
[Black "Hemam, Moulaye Brahim"]
[WhiteFideId "5043794"]
[BlackFideId "19600054"]
[WhiteElo "2153"]
[BlackElo "2088"]
[Result "0-1"]
[Round "03"]
[TimeControl "180+1"]
[Date "2022.11.02"]
[WhiteClock "0:00:30"]
[BlackClock "0:00:51"]

1. e4 d6 2. d4 Nf6 3. Nc3 g6 4. Bd3 Bg7 5. h4 h6 6. Nf3 Bg4 7. e5 Nfd7 8. h5 gxh5 9. e6 Bxe6 10. Rxh5 Nf6 11. Rh4 c5 12. Qe2 Nc6 13. dxc5 dxc5 14. Bf4 Nd5 15. Ne4 Nxf4 16. Rxf4 Bxb2 17. Rb1 Qa5+ 18. Kf1 Qxa2 19. Rxb2 Qxb2 20. Nxc5 Qc1+ 21. Ne1 Qxf4 22. Nxe6 fxe6 23. Qxe6 Rf8 24. Nf3 Qf6 25. Qd5 Rd8 26. Qb5 Rd7 27. Qb1 Nd4 28. Be4 Nxf3 29. Bxf3 Qa6+ 30. Kg1 Rxf3 31. gxf3 Qe2 32. Qb3 e6 33. Kg2 Rg7+ 34. Kh3 Qe5 35. Qa4+ b5 36. Qh4 Qf5+ 37. Kh2 Qg5 0-1


[Site "https://www.chess.com"]

[Event "Titled Tuesday Blitz November 01 Late 2022"]
[White "Goltsev, Dmitry"]
[Black "Predke, Alexandr"]
[WhiteFideId "24176710"]
[BlackFideId "24107581"]
[WhiteElo "2257"]
[BlackElo "2614"]
[Result "1-0"]
[Round "03"]
[TimeControl "180+1"]
[Date "2022.11.01"]
[WhiteClock "0:00:12"]
[BlackClock "0:00:01"]

1. e4 c5 2. Nf3 e6 3. d4 cxd4 4. Nxd4 Nc6 5. Nc3 Qc7 6. Be2 Nf6 7. O-O a6 8. Be3 Be7 9. f4 d6 10. Bf3 O-O 11. a3 Rd8 12. Nb3 b5 13. Qe2 Bb7 14. Qf2 Nd7 15. Rad1 Na5 16. Nxa5 Qxa5 17. Rd3 Rac8 18. Rfd1 b4 19. axb4 Qxb4 20. Bd4 e5 21. fxe5 Nxe5 22. Bxe5 dxe5 23. Nd5 Bxd5 24. exd5 Bc5 25. Re3 Qf4 26. Rde1 Bxe3 27. Rxe3 Rxc2 28. Qxc2 Qxe3+ 29. Kf1 Qb6 30. Qd2 g6 31. Qg5 Qd6 32. h4 Kg7 33. h5 h6 34. Qg4 f5 35. Qc4 g5 36. g4 e4 37. Be2 Qxd5 38. Qxa6 Qd6 39. Qb7+ Rd7 40. Qa8 fxg4 41. Kg2 Qd2 42. Qxe4 Qf4 43. Qg6+ Kf8 44. Qxh6+ Rg7 45. Qc6 Re7 46. Qh6+ Rg7 47. Qh8+ Kf7 48. h6 Qe4+ 49. Kf1 Rg6 50. Qh7+ Ke6 51. Ke1 Ke5 52. Qe7+ Kf4 53. Qf7+ Kg3 54. Qf2+ 1-0


[Site "https://www.chess.com"]

[Event "Titled Tuesday Blitz November 01 Late 2022"]
[White "Goltseva, Ekaterina"]
[Black "Sarana, Alexey"]
[WhiteFideId "24173770"]
[BlackFideId "24133795"]
[WhiteElo "2200"]
[BlackElo "2689"]
[Result "0-1"]
[Round "03"]
[TimeControl "180+1"]
[Date "2022.11.02"]
[WhiteClock "0:00:44"]
[BlackClock "0:02:27"]

1. d4 Nf6 2. c4 e6 3. Nc3 d5 4. cxd5 exd5 5. Bg5 c6 6. e3 Bf5 7. Qf3 Bg6 8. Bxf6 Qxf6 9. Qxf6 gxf6 10. h4 h5 11. Nge2 Bd6 12. f3 Nd7 13. Kf2 a5 14. a4 Nb6 15. b3 Kd7 16. g4 Rae8 17. Nf4 hxg4 18. Nxg6 g3+ 19. Kg2 fxg6 20. Re1 f5 21. Bd3 Bb4 22. Nd1 Bxe1 23. Rxe1 Rxh4 24. Kxg3 Rxd4 25. Nf2 Rb4 26. Bc2 f4+ 27. Kg2 Rxe3 28. Rh1 Re2 29. Bd1 Rd2 30. Rh7+ Kc8 31. Kf1 Rbd4 32. Ke1 Rxf2 33. Kxf2 Rxd1 0-1


[Site "https://www.chess.com"]

[Event "Titled Tuesday Blitz November 01 Late 2022"]
[White "Goncalves, Davi Sulzbacher"]
[Black "Hjartarson, Johann"]
[WhiteFideId "2154510"]
[BlackFideId "2300044"]
[WhiteElo "2182"]
[BlackElo "2458"]
[Result "1-0"]
[Round "03"]
[TimeControl "180+1"]
[Date "2022.11.02"]
[WhiteClock "0:00:18"]
[BlackClock "0:00:48"]

1. Nf3 Nf6 2. d4 g6 3. c4 Bg7 4. Nc3 O-O 5. e4 d6 6. Be2 e5 7. O-O Nc6 8. d5 Ne7 9. b4 a5 10. Ba3 Nd7 11. bxa5 Rxa5 12. Bb4 Ra8 13. a4 b6 14. a5 bxa5 15. Bxa5 Ba6 16. Qc2 Kh8 17. Rfb1 Ng8 18. Qa4 Nc5 19. Qc6 Ra7 20. Bb4 Bb7 21. Bxc5 Bxc6 22. Bxa7 Bd7 23. Rb8 Qe7 24. Rxf8 Qxf8 25. c5 dxc5 26. Ra5 f5 27. Bxc5 Qb8 28. Ng5 Nh6 29. Bb5 Bxb5 30. Nxb5 Bf6 31. Ne6 fxe4 32. Nexc7 Bd8 33. Ra8 Bxc7 34. Nxc7 1-0


[Site "https://www.chess.com"]

[Event "Titled Tuesday Blitz November 01 Late 2022"]
[White "Gorodetzky, David"]
[Black "Han, Yichen"]
[WhiteFideId "2813416"]
[BlackFideId "1054430"]
[WhiteElo "2487"]
[BlackElo "2323"]
[Result "1-0"]
[Round "03"]
[TimeControl "180+1"]
[Date "2022.11.01"]
[WhiteClock "0:00:20"]
[BlackClock "0:00:06"]

1. Nf3 Nf6 2. d4 e6 3. Bf4 d5 4. e3 Bd6 5. Nbd2 O-O 6. Bd3 c5 7. dxc5 Bxf4 8. exf4 Qc7 9. g3 Qxc5 10. O-O b6 11. Qe2 Bb7 12. c3 Qc7 13. Rfe1 Nc6 14. Ne5 Nd7 15. Nxd7 Qxd7 16. Nf3 g6 17. h4 d4 18. Rad1 Rad8 19. Be4 Qe7 20. cxd4 Nb4 21. a3 Bxe4 22. Qxe4 Nd5 23. Ne5 Rc8 24. Nxg6 hxg6 25. Qxd5 Qxh4 26. Rxe6 Qg4 27. Ree1 Rc2 28. b4 Rc7 29. Qe5 Rd7 30. d5 Rfd8 31. d6 Qf5 32. Rd2 f6 33. Qxf5 gxf5 34. Re7 Kf8 35. Rxd7 Rxd7 36. f3 Kf7 37. Kf2 Ke6 38. Ke3 a5 39. bxa5 bxa5 40. a4 Rd8 41. d7 Ke7 42. Rd5 Ke6 43. Kd4 Rxd7 44. Rxd7 Kxd7 45. Kc5 Ke6 46. Kb5 Kd5 47. Kxa5 Kd4 48. Kb4 Ke3 49. a5 Kxf3 50. a6 Kxg3 51. a7 Kxf4 52. a8=Q Kg3 53. Qh1 f4 54. Qf1 f3 55. Kc4 Kf4 56. Kd4 f5 57. Qf2 Kg4 58. Ke5 f4 59. Qg1+ Kh3 60. Kxf4 f2 61. Qg3# 1-0


[Site "https://www.chess.com"]

[Event "Titled Tuesday Blitz November 01 Late 2022"]
[White "Grot, Blazej"]
[Black "O`Gorman, Tom"]
[WhiteFideId "21835845"]
[BlackFideId "2508249"]
[WhiteElo "1739"]
[BlackElo "2271"]
[Result "0-1"]
[Round "03"]
[TimeControl "180+1"]
[Date "2022.11.02"]
[WhiteClock "0:00:03"]
[BlackClock "0:00:21"]

1. e4 c5 2. Nc3 d6 3. d4 cxd4 4. Qxd4 Nc6 5. Qd2 g6 6. b3 Bh6 7. f4 f5 8. Bb2 Nf6 9. O-O-O Qa5 10. Kb1 Rf8 11. Nf3 Nxe4 12. Qe3 Nf6 13. h3 Bd7 14. Rxd6 Bxf4 15. Qxf4 exd6 16. Nb5 Ne4 17. Bd3 O-O-O 18. a4 a6 19. Nxd6+ Nxd6 20. Qxd6 Qc7 21. Qc5 Rde8 22. Rd1 Nd8 23. Qb4 Bc6 24. Qh4 Ne6 25. Be5 Qa5 26. Bb2 Rd8 27. Qxh7 Rg8 28. Qf7 Nc5 29. Nd4 Nxd3 30. Rxd3 Bd5 31. Qf6 Kb8 32. Ka2 Bxg2 33. Ne6 Rxd3 34. cxd3 Bd5 35. Be5+ Ka7 36. Bd4+ Ka8 37. Qe5 Qxa4+ 38. Kb2 Qxb3+ 39. Kc1 Rc8+ 40. Kd2 Qc2+ 41. Ke3 Bxe6 42. Qxe6 Qc6 43. Qe5 Re8 44. Qxe8+ Qxe8+ 0-1


[Site "https://www.chess.com"]

[Event "Titled Tuesday Blitz November 01 Late 2022"]
[White "Heinemann, Josefine"]
[Black "Hughes, Tyler B"]
[WhiteFideId "12900460"]
[BlackFideId "2026775"]
[WhiteElo "2300"]
[BlackElo "2292"]
[Result "1-0"]
[Round "03"]
[TimeControl "180+1"]
[Date "2022.11.02"]
[WhiteClock "0:00:58"]
[BlackClock "0:00:03"]

1. e4 c6 2. Nf3 d5 3. d3 g6 4. e5 Bg7 5. d4 h5 6. h3 Nh6 7. Be2 Nf5 8. O-O Na6 9. c3 Nc7 10. Bg5 Ne6 11. Bc1 b6 12. Re1 Bb7 13. Nbd2 Qc7 14. Nf1 O-O-O 15. b4 a6 16. a4 b5 17. axb5 cxb5 18. Qb3 Kb8 19. Bd2 Qb6 20. Ra5 Rc8 21. Rea1 Rhd8 22. Ne1 Nexd4 23. cxd4 Nxd4 24. Qd1 Bxe5 25. Be3 Nxe2+ 26. Qxe2 d4 27. Bd2 Bc7 28. R5a2 Qd6 29. Nd3 e5 30. Nc5 Qd5 31. Nxb7 Qxb7 32. Rxa6 e4 33. Ra7 Qxa7 34. Rxa7 Kxa7 35. Qxb5 Bb6 36. Bf4 e3 37. fxe3 dxe3 38. Bxe3 Bxe3+ 39. Nxe3 Rc1+ 40. Kh2 Rc7 41. Nd5 Rcd7 42. Qb6+ Ka8 43. Nc7+ Rxc7 44. Qxc7 1-0


[Site "https://www.chess.com"]

[Event "Titled Tuesday Blitz November 01 Late 2022"]
[White "Herman, Daniel"]
[Black "Ardila, Oscar Humberto"]
[WhiteFideId "30935008"]
[BlackFideId "4404742"]
[WhiteElo "1897"]
[BlackElo "1898"]
[Result "1/2-1/2"]
[Round "03"]
[TimeControl "180+1"]
[Date "2022.11.02"]
[WhiteClock "0:00:16"]
[BlackClock "0:00:10"]

1. d4 Nf6 2. Nc3 d5 3. Bf4 e6 4. e3 Bd6 5. Nf3 Bxf4 6. exf4 O-O 7. Bd3 Nbd7 8. O-O c5 9. dxc5 Nxc5 10. Qe2 Qc7 11. Ne5 a6 12. g3 b5 13. a3 Bb7 14. Rad1 Rac8 15. f3 Qb6 16. Qf2 Qc7 17. Ne2 Rfd8 18. Nd4 Qb6 19. Rfe1 Nxd3 20. cxd3 a5 21. Rc1 b4 22. a4 Ba6 23. f5 Rxc1 24. Rxc1 Rc8 25. Rxc8+ Bxc8 26. fxe6 fxe6 27. Ndc6 Qxf2+ 28. Kxf2 Bd7 29. Nxd7 Nxd7 30. Nxa5 Nc5 31. b3 Nxd3+ 32. Ke3 Ne5 33. Nb7 Kf7 34. a5 Ke7 35. a6 Nc6 36. Na5 Na7 37. Kd4 Kd6 38. f4 Nb5+ 39. Kd3 Kc5 40. Nb7+ Kb6 41. Nd8 Nc7 42. a7 Kxa7 43. Nc6+ Kb6 44. Nxb4 Kc5 45. Nc2 Nb5 46. g4 h6 47. h4 Nd6 48. b4+ Kb6 49. Nd4 Ne4 50. Nxe6 Nf6 51. g5 hxg5 52. fxg5 Nh5 53. Kd4 Kb5 54. Kc3 g6 55. Nd4+ Kb6 56. Ne6 Kc6 57. Kd4 Kd6 58. Nc5 Nf4 59. Ke3 Ng2+ 60. Kf3 Nxh4+ 61. Kf4 Ng2+ 62. Kf3 Nh4+ 63. Kf4 Ng2+ 64. Kf3 Nh4+ 1/2-1/2


[Site "https://www.chess.com"]

[Event "Titled Tuesday Blitz November 01 Late 2022"]
[White "Hnydiuk, Aleksander"]
[Black "Papasimakopoulos, Alexandros"]
[WhiteFideId "1109057"]
[BlackFideId "4244125"]
[WhiteElo "2374"]
[BlackElo "2357"]
[Result "1-0"]
[Round "03"]
[TimeControl "180+1"]
[Date "2022.11.02"]
[WhiteClock "0:00:13"]
[BlackClock "0:00:09"]

1. d4 e6 2. g3 d5 3. Bg2 f5 4. Nh3 Nf6 5. O-O Bd6 6. Bf4 O-O 7. c4 c6 8. Nd2 Ne4 9. Rc1 Bb4 10. a3 Ba5 11. b4 Bc7 12. Bxc7 Qxc7 13. Nf4 Qd6 14. Nxe4 fxe4 15. f3 exf3 16. exf3 Nd7 17. Re1 Rxf4 18. gxf4 Qxf4 19. Rxe6 Nf6 20. Re5 dxc4 21. Rxc4 Bf5 22. Qc1 Qxc1+ 23. Rxc1 Bd7 24. f4 Kf8 25. d5 cxd5 26. Bxd5 Nxd5 27. Rxd5 Bc6 28. Re5 a6 29. Rd1 Kf7 30. Kf2 Rc8 31. h4 g6 32. Rd2 Bb5 33. Rc5 Rxc5 34. bxc5 Ke6 35. Rd6+ Kf5 36. Kg3 Bc6 37. Rd4 Ke6 38. h5 gxh5 39. Kh4 Bf3 40. Rd3 Bg4 41. Rb3 Kd5 42. Rxb7 Kxc5 43. Ra7 Be2 44. Rxh7 Kd6 45. Rxh5 Bxh5 46. Kxh5 Ke6 47. Kg6 Ke7 48. f5 Kf8 49. Kf6 a5 50. a4 Ke8 51. Kg7 Kd7 52. f6 Kd6 53. f7 Ke7 54. f8=Q+ Kd7 55. Qf5+ Ke7 56. Qxa5 Kd7 57. Qb5+ Kd6 58. a5 Kc7 59. a6 Kd6 60. a7 Kc7 61. a8=Q Kd6 62. Qaa6+ Ke7 63. Qbb7+ Kd8 64. Qaa8# 1-0


[Site "https://www.chess.com"]

[Event "Titled Tuesday Blitz November 01 Late 2022"]
[White "Hoffmann, Asa"]
[Black "Wieczorek, Zbigniew"]
[WhiteFideId "2001470"]
[BlackFideId "1102001"]
[WhiteElo "2117"]
[BlackElo "2267"]
[Result "1/2-1/2"]
[Round "03"]
[TimeControl "180+1"]
[Date "2022.11.02"]
[WhiteClock "0:00:31"]
[BlackClock "0:00:05"]

1. d4 Nf6 2. Bg5 c6 3. Nd2 d5 4. e3 Qb6 5. b3 Nbd7 6. Ngf3 e6 7. Bd3 Bb4 8. O-O Bc3 9. Rb1 a5 10. Ne5 Nxe5 11. dxe5 Bxe5 12. c4 h6 13. Bh4 g5 14. Bg3 Bxg3 15. hxg3 e5 16. Qf3 Ke7 17. cxd5 cxd5 18. e4 Bg4 19. Qe3 Qxe3 20. fxe3 Be6 21. exd5 Nxd5 22. Be4 b5 23. Rbc1 Rac8 24. Bxd5 Bxd5 25. e4 Be6 26. Kf2 f6 27. Ke3 h5 28. Nb1 b4 29. Nd2 a4 30. Nc4 axb3 31. axb3 Rc5 32. Nd2 Rhc8 33. Rxc5 Rxc5 34. Ra1 Rc3+ 35. Kf2 Bxb3 36. Ra7+ Ke6 37. Ra6+ Kf7 38. Rb6 Bc2 39. Rxb4 Bd3 40. Rb6 Bc2 41. Rb7+ Kg6 42. Rb6 Bd3 43. Nf3 Bxe4 44. Nxe5+ Kf5 45. Nf3 Rc2+ 46. Ke3 Rc3+ 47. Kf2 Rc2+ 48. Ke3 Rc3+ 49. Kf2 1/2-1/2


[Site "https://www.chess.com"]

[Event "Titled Tuesday Blitz November 01 Late 2022"]
[White "Hua, Lefong"]
[Black "Postny, Evgeny"]
[WhiteFideId "2602253"]
[BlackFideId "2804344"]
[WhiteElo "2589"]
[BlackElo "2473"]
[Result "1-0"]
[Round "03"]
[TimeControl "180+1"]
[Date "2022.11.02"]
[WhiteClock "0:00:21"]
[BlackClock "0:00:09"]

1. d4 d5 2. c4 dxc4 3. Nf3 Nf6 4. e3 e6 5. Bxc4 a6 6. Bb3 b5 7. a4 Bb7 8. axb5 axb5 9. Rxa8 Bxa8 10. O-O c5 11. dxc5 Qxd1 12. Rxd1 Bxc5 13. Na3 b4 14. Ba4+ Ke7 15. Nc4 Rc8 16. Nfe5 Bd5 17. Bb5 Be4 18. Ba4 Bd5 19. Bb5 Ne8 20. b3 Nd6 21. Nxd6 Bxd6 22. Nc4 Bc5 23. Bb2 f6 24. Kf1 Nc6 25. Bxc6 Rxc6 26. Rc1 Ra6 27. Ra1 Rxa1+ 28. Bxa1 e5 29. Nd2 Ke6 30. e4 Bc6 31. Ke2 Bb5+ 32. Nc4 g6 33. f3 Bxc4+ 34. bxc4 Bd4 35. Bxd4 exd4 36. Kd3 b3 37. f4 Kd6 38. g4 g5 39. fxg5 fxg5 40. h3 h6 41. Kd2 Kc5 42. e5 Kb4 43. e6 Ka3 44. e7 b2 45. e8=Q b1=Q 46. Qa8+ Kb2 47. Qb8+ Ka1 48. Qxb1+ Kxb1 49. c5 1-0


[Site "https://www.chess.com"]

[Event "Titled Tuesday Blitz November 01 Late 2022"]
[White "Ibarra Jerez, Jose Carlos"]
[Black "Gareyev, Timur"]
[WhiteFideId "2226332"]
[BlackFideId "14200937"]
[WhiteElo "2627"]
[BlackElo "2552"]
[Result "0-1"]
[Round "03"]
[TimeControl "180+1"]
[Date "2022.11.01"]
[WhiteClock "0:00:04"]
[BlackClock "0:00:22"]

1. e4 e5 2. Nf3 Nc6 3. d4 exd4 4. Nxd4 Qf6 5. Nb3 Qg6 6. f3 Nf6 7. Bf4 d5 8. exd5 Nb4 9. Bb5+ c6 10. Qe2+ Be7 11. d6 Nfd5 12. O-O Qxc2 13. N1d2 Be6 14. dxe7 Nxf4 15. Qe5 Ng6 16. Qd6 cxb5 17. Qxb4 Qc6 18. Ne4 Nxe7 19. Nd6+ Kf8 20. Nxb5 a5 21. Qa4 Qc4 22. Nc3 h5 23. Rfd1 Rh6 24. Rac1 Qb4 25. Kh1 h4 26. Rd4 Qxa4 27. Nxa4 Nf5 28. Rd2 Re8 29. Kg1 h3 30. g3 Rf6 31. Nac5 Bxb3 32. Nd7+ Ke7 33. Nxf6 Kxf6 34. axb3 Re3 35. Rc3 Re1+ 36. Kf2 Rh1 37. g4 Rxh2+ 38. Ke1 Rxd2 39. Kxd2 h2 40. Rc1 Ng3 41. Ke3 h1=Q 42. Rxh1 Nxh1 43. f4 Ng3 44. Kf3 Nf1 45. Ke2 Nh2 0-1


[Site "https://www.chess.com"]

[Event "Titled Tuesday Blitz November 01 Late 2022"]
[White "Iliaguev, Nisim"]
[Black "Muradli, Mahammad"]
[WhiteFideId "2817276"]
[BlackFideId "13409301"]
[WhiteElo "2264"]
[BlackElo "2611"]
[Result "1-0"]
[Round "03"]
[TimeControl "180+1"]
[Date "2022.11.01"]
[WhiteClock "0:00:11"]
[BlackClock "0:00:01"]

1. d4 d6 2. Nf3 g6 3. g3 Bg7 4. Bg2 Nd7 5. O-O e5 6. dxe5 dxe5 7. c4 Ne7 8. Nc3 O-O 9. Qc2 c6 10. b3 Qc7 11. Ba3 Re8 12. Ng5 Nf5 13. e3 Bf8 14. Bxf8 Nxf8 15. Rad1 Ne6 16. Nge4 Kg7 17. Qb2 b6 18. Ne2 f6 19. h4 Bb7 20. Bh3 Rad8 21. h5 Ba8 22. Qc2 Rxd1 23. Rxd1 Rd8 24. Rxd8 Qxd8 25. hxg6 hxg6 26. N2c3 Qe7 27. Na4 Nd6 28. Nxd6 Qxd6 29. Bg2 f5 30. Nc3 e4 31. Ne2 c5 32. Qb2+ Kf7 33. Qh8 Bc6 34. Qh7+ Ng7 35. Qh8 g5 36. Qc8 Kf6 37. Bf1 Kg6 38. Nc3 Ne6 39. Nb5 Bxb5 40. cxb5 Kf6 41. Bc4 Ng7 42. Kg2 f4 43. exf4 gxf4 44. gxf4 Nf5 45. Qh8+ Kg6 46. Qg8+ Kh6 47. Bf7 Qg6+ 48. Qxg6# 1-0


[Site "https://www.chess.com"]